 Dungeon Crawl Stone Soup version 0.30.0-19-g36f170ea60 (webtiles) character file.

Game seed: 11693955476010582289

168 Brutalitops the Grave Robber (level 5, -2/42 HPs)
             Began as an Armataur Necromancer on May 28, 2023.
             Slain by Grinder (9 damage)
             ... on level 4 of the Dungeon.
             The game lasted 00:09:39 (2767 turns).

Brutalitops the Grave Robber (Armataur Necromancer) Turns: 2767, Time: 00:09:40

Health: -2/42      AC:  6    Str: 15    XL:     5   Next: 23%
Magic:  7/7        EV:  8    Int: 15    God:
Gold:   226        SH:  0    Dex: 11    Spells: 6/7 levels left

rFire   . . .        l - +0 mace (heavy)
rCold   + . .        (no shield)
rNeg    . . .        e - +0 ring mail
rPois   .            (no helmet)
rElec   .            (no cloak)
rCorr   .            (no gloves)
SInv    .            (no barding)
Will    .....        (no amulet)
Stlth   +            c - ring of protection from cold
HPRegen 0.27/turn    (no ring)
MPRegen 0.10/turn

%: roll
@: mighty, invisible
A: large, rugged brown scales 3, deformed body, armoured tail, roll, long
tongue, awkward tongue
a: no special abilities


You were on level 4 of the Dungeon.
You visited 1 branch of the dungeon, and saw 4 of its levels.

You collected 226 gold pieces.

Inventory:

Hand Weapons
 f - a +0 war axe
 g - a +0 club
 l - a +0 heavy mace (weapon)
Armour
 a - a +0 robe
 e - a +0 ring mail (worn)
Jewellery
 c - a ring of protection from cold (left hand)
Scrolls
 j - a scroll of teleportation
 n - a scroll of blinking
 q - a scroll of magic mapping {unknown}
Potions
 b - a potion of magic
 d - a potion of ambrosia
 i - a potion of mutation
 k - a potion of lignification
 p - a potion of flight {unknown}


   Skills:
 + Level 1.2 Fighting
 + Level 1.0(1.4) Axes
 + Level 1.4(1.7) Maces & Flails
 + Level 0.8 Throwing
 + Level 3.2 Armour
 - Level 1.3 Dodging
 - Level 2.1 Stealth
 + Level 2.0 Unarmed Combat
 - Level 1.7 Spellcasting
 - Level 3.2 Necromancy


You had 6 spell levels left.
You knew the following spells:

 Your Spells              Type           Power      Damage    Failure   Level
a - Necrotise             Necr           44%        1d6       12%         1

Your spell library contained the following spells:

 Spells                   Type           Power      Damage    Failure   Level
 Vampiric Draining        Necr           11%        2d6       34%         3
 Lesser Beckoning         Tloc           2%         N/A       54%         2
 Animate Dead             Necr           11%        N/A       75%         4
 Gell's Gravitas          Tloc           1%         N/A       78%         3
 Teleport Other           Tloc           1%         N/A       78%         3
 Agony                    Necr           11%        N/A       97%         5


Dungeon Overview and Level Annotations

Branches:
Dungeon (4/15)
 Temple: D:4-7

Altars:

Shops:
D:1 (

Annotations:
D:4 Grinder


Innate Abilities, Weirdness & Mutations

You are completely covered in rugged brown scales. (AC +3, +7% HP)
Armour fits poorly on your strangely shaped body.
You have a long armoured tail.
You roll when moving toward enemies. (Rampage)
Your long tongue fully drains potion bottles. (2x potion effects)
Your tongue gives you trouble enunciating. (1.5x scroll delay)


Message History

Aim: Grinder (50% to hit)
You throw a poisoned dart.
The poisoned dart closely misses Grinder.
Throw: 2 darts (poison)
Press: ? - help, Q - select action, (/) - cycle Shift-Dir - straight line, f/p - Grinder
Aim: Grinder (50% to hit)
You throw a poisoned dart. The poisoned dart hits Grinder.
Grinder is poisoned.
Grinder gestures at you. You resist with significant effort.
Throw: dart (poison)
Press: ? - help, Q - select action, (/) - cycle Shift-Dir - straight line, f/p - Grinder
Aim: Grinder (lightly wounded, poisoned, 50% to hit)
You throw a poisoned dart. The poisoned dart hits Grinder.
Grinder is lightly wounded.
Unknown command.
Grinder hits you.
You writhe in agony.
You closely miss Grinder.
Grinder is lightly wounded.
Grinder blinks!
You roll towards Grinder!
Grinder hits you.
You writhe in agony.
You hit Grinder.
Grinder is lightly wounded.
Grinder hits you but does no damage.
Grinder blinks!
Grinder looks more healthy.
You barely miss Grinder.
Grinder is moderately wounded.
Grinder hits you.
* * * LOW HITPOINT WARNING * * *
You writhe in agony.
* * * LOW HITPOINT WARNING * * *
Grinder hits you but does no damage.
It was a potion of might.
You feel very mighty all of a sudden.
You slurp down every last drop of the potion of might!
Grinder hits you but does no damage.
It was a potion of invisibility.
You fade into invisibility!
You slurp down every last drop of the potion of invisibility!
Grinder hits you!
You die...

###. ...## #..#
#.### # #...##..#
### ###..<...#
#.((####...######
#.......##
###..@...#
#..5...# #......#
##.##..# #####.#
#.# .## #


You could see Grinder (unable to see you).

Vanquished Creatures
  Jessica (D:3)
  Natasha (thrice) (D:2)
  2 adders (D:2)
  3 dart slugs
  2 orcs (D:3)
  3 endoplasms
  2 giant cockroaches (D:1)
  5 goblins
  5 hobgoblins
  3 jackals (D:3)
  3 quokkas
  3 ball pythons
  A bat (D:1)
  3 frilled lizards
  5 kobolds
  A rat (D:3)
45 creatures vanquished.

Notes
Turn   | Place    | Note
-------+----------+-------------------------------------------
     0 | D:1      | Brutalitops the Armataur Necromancer began the quest for
                  | the Orb.
     0 | D:1      | Reached XP level 1. HP: 14/14 MP: 3/3
   129 | D:1      | Reached skill level 1 in Unarmed Combat
   208 | D:1      | Reached XP level 2. HP: 21/21 MP: 4/4
   290 | D:1      | Found Doddib's Antique Weapon Shop.
   966 | D:2      | Reached skill level 1 in Armour
  1113 | D:2      | Reached XP level 3. HP: 27/28 MP: 5/5
  1208 | D:2      | Noticed Natasha
  1245 | D:2      | HP: 1/42 [Natasha (2)]
  1247 | D:2      | Killed Natasha
  1248 | D:2      | Reached skill level 1 in Maces & Flails
  1586 | D:2      | Noticed Natasha
  1601 | D:2      | Killed Natasha
  1602 | D:2      | Reached XP level 4. HP: 20/36 MP: 6/6
  1758 | D:2      | Noticed Natasha
  1767 | D:2      | Killed Natasha
  1768 | D:2      | Reached skill level 1 in Fighting
  1995 | D:3      | Noticed Jessica
  2005 | D:3      | Killed Jessica
  2006 | D:3      | Reached XP level 5. HP: 41/42 MP: 7/7
  2333 | D:3      | Reached skill level 1 in Axes
  2647 | D:4      | Noticed a phantom
  2755 | D:4      | Noticed Grinder
  2767 | D:4      | Slain by Grinder

Illustrated notes

Levels and vault maps discovered:
D:1:      lemuel_arrival_river_bridge, layout_basic, serial_shops,
          nicolae_shop_real_fake_doors, minmay_misc_feat_enclosed
D:2:      layout_loops_corners, nicolae_underground_beach, uniq_natasha
D:3:      layout_loops_cross, uniq_jessica
D:4:      layout_layer_cave, uniq_grinder, uniq_sigmund, uniq_blork_the_orc

Skill      XL: |  1  2  3  4  5 |
---------------+----------------+-----
Unarmed Combat | 1 2 |  2.0
Armour         | 1 2 3 |  3.2
Maces & Flails | 1 |  1.4
Fighting       | 1 |  1.2
Axes           | 1 |  1.0
Throwing       | |  0.8
Dodging        | |  1.3
Stealth        | |  2.1
Spellcasting   | |  1.7
Necromancy     | |  3.2

Action                     |  1- 3 |  4- 6 || total
---------------------------+-------+-------++-------
  Melee: Unarmed           |    12 |       ||    12
         Club              |    64 |       ||    64
         Tailslap          |    11 |     6 ||    17
         War axe           |    14 |    38 ||    52
         Mace              |       |    30 ||    30
         Punch             |       |     2 ||     2
  Throw: Dart              |     7 |     8 ||    15
   Cast: Necrotise         |     5 |       ||     5
    Use: Scroll            |     5 |     4 ||     9
         Potion            |     2 |     2 ||     4
 Armour: Ring mail         |    31 |    45 ||    76
         Robe              |     4 |       ||     4
         Skin              |     7 |       ||     7
  Dodge: Dodged            |    46 |    32 ||    78
